 Dungeon Crawl Stone Soup version 0.29-a0-1006-g0dd7720b37 (webtiles) character file.

Game seed: 5937960781238005679

172 Sabo the Gusty (level 5, -6/38 HPs)
             Began as a Demigod Air Elementalist on Aug 6, 2022.
             Mangled by an orc priest
             ... wielding a +0 morningstar
              (10 damage)
             ... on level 4 of the Dungeon.
             The game lasted 00:26:16 (6158 turns).

Sabo the Gusty (Demigod Air Elementalist)           Turns: 6158, Time: 00:26:16

Health: -6/38      AC:  6    Str:  9    XL:     5   Next: 6%
Magic:  12/20      EV: 11    Int: 21    God:
Gold:   234        SH:  0    Dex: 14    Spells: 8/9 levels left

rFire   . . .      SeeInvis +   p - +0 war axe
rCold   . . .      Faith    .   (no shield)
rNeg    . . .      Spirit   .   f - +3 leather armour {Will+}
rPois   .          Reflect  .   (no helmet)
rElec   .          Harm     .   (no cloak)
rCorr   .          Rampage  .   (no gloves)
Will    +....                   (no boots)
Stlth   ++........              (no amulet)
HPRegen 0.12/turn               c - ring of see invisible
MPRegen 0.17/turn               t - ring of magical power

@: no status effects
A: high MP 1, forlorn, divine attributes
a: no special abilities


You were on level 4 of the Dungeon.
You visited 1 branch of the dungeon, and saw 4 of its levels.

You collected 260 gold pieces.
You spent 26 gold pieces at shops.

Inventory:

Hand Weapons
 d - a +0 sling
 g - a +0 whip of electrocution
 p - a +0 war axe (weapon)
Missiles
 r - 2 poisoned darts (quivered)
Armour
 f - a +3 leather armour of willpower (worn)
Jewellery
 c - a ring of see invisible (left hand)
 e - a ring of ice
 t - a ring of magical power (right hand)
Scrolls
 a - a scroll of acquirement {unknown}
 h - 2 scrolls of teleportation
 i - a scroll of blinking
 m - a scroll of enchant armour
 n - a scroll of fear
 q - 2 scrolls of summoning
 s - a scroll of magic mapping {unknown}
Potions
 b - 2 potions of magic
 j - 3 potions of heal wounds {unknown}
 k - a potion of flight {unknown}
 l - 2 potions of curing {unknown}
 o - 2 potions of degeneration {unknown}


   Skills:
 + Level 0.3 Fighting
 + Level 0.6(0.9) Axes
 + Level 0.6(0.8) Maces & Flails
 + Level 1.5 Armour
 + Level 2.0 Dodging
 + Level 2.0 Stealth
 + Level 2.5 Spellcasting
 + Level 2.0 Conjurations
 + Level 3.7 Air Magic


You had 8 spell levels left.
You knew the following spells:

 Your Spells              Type           Power      Damage    Failure   Level
a - Shock                 Conj/Air       56%        1d6       6%          1

Your spell library contained the following spells:

 Spells                   Type           Power      Damage    Failure   Level
 Static Discharge         Conj/Air       14%        3-5/arc   9%          2
 Swiftness                Air            18%        N/A       12%         3
 Slow                     Hex            8%         N/A       19%         1
 Airstrike                Air            9%         2d(2-18)  38%         4
 Confusing Touch          Hex            2%         N/A       50%         3
 Gell's Gravitas          Tloc           2%         N/A       50%         3
 Lesser Beckoning         Tloc           2%         N/A       50%         3
 Teleport Other           Tloc           2%         N/A       50%         3
 Vampiric Draining        Necr           2%         2d6       50%         3


Dungeon Overview and Level Annotations

Branches:
Dungeon (4/15)
 Temple: D:4-7

Shops:
D:1 ?


Innate Abilities, Weirdness & Mutations

You have an increased reservoir of magic. (+10% MP)
You shall have no god before yourself.
Your divine heritage dramatically boosts your attributes as you level up.


Message History

Press: ? - help, Shift-Dir - straight line, f/p - orc priest
Aim: an orc priest, wielding a +0 short sword and wearing a +0 scale mail (severely wounded, 75% to hit)
The zap hits the orc priest.
You kill the orc priest!
The zap hits the ball python.
You kill the ball python!
The zap hits the orc priest.
The orc priest is moderately wounded.
Your Dodging skill increases to level 2!
Your Conjurations skill increases to level 2!
You have reached level 5!
Casting: Shock (safe; 6% risk of failure)
Confirm with . or Enter, or press ? or * to list all spells.
Aiming: Shock (safe; 6% risk of failure)
Press: ? - help, Shift-Dir - straight line, f - orc priest
Aim: an orc priest, wielding a +0 morningstar (moderately wounded, 71% to hit)
The zap hits the orc priest.
The orc priest is severely wounded.
Casting: Shock (safe; 6% risk of failure)
Confirm with . or Enter, or press ? or * to list all spells.
Aiming: Shock (safe; 6% risk of failure)
Press: ? - help, Shift-Dir - straight line, f/p - orc priest
Aim: an orc priest, wielding a +0 morningstar (severely wounded, 71% to hit)
The zap hits the orc priest.
The orc priest is almost dead.
The orc priest invokes the aid of Beogh against you.
Beogh smites you!
Casting: Shock (safe; 6% risk of failure)
Confirm with . or Enter, or press ? or * to list all spells.
Aiming: Shock (safe; 6% risk of failure)
Press: ? - help, Shift-Dir - straight line, f/p - orc priest
Aim: an orc priest, wielding a +0 morningstar (almost dead, 71% to hit)
The zap hits the orc priest.
The orc priest is almost dead.
You barely miss the orc priest.
The orc priest is almost dead.
The orc priest hits you with a +0 morningstar!
* * * LOW HITPOINT WARNING * * *
The orc priest hits you with a +0 morningstar!
You die...

#### #..# ........### #..#
### ..........# ##..#
######.. ..........#
#...####.......
..........###........#.....
oo.........##...####.......
..(........#..### #........
S...........### #.........
.........o@## #.........#
...........# #........###
..........## #.......###
.........## #....####
.........# ##### .........#
.....###.# ##### ##. .


You could see an orc priest.

Vanquished Creatures
  A hound (D:4)
  An orc priest (D:4)
  Jessica (D:2)
  3 adders
  2 dart slugs (D:3)
  4 orcs (D:4)
  5 ball pythons
  5 endoplasms
  8 goblins
  5 hobgoblins
  2 jackals (D:1)
  3 quokkas
  7 bats
  2 frilled lizards (D:1)
  A kobold (D:1)
  4 rats
54 creatures vanquished.

Notes
Turn   | Place    | Note
-------+----------+-------------------------------------------
     0 | D:1      | Sabo the Demigod Air Elementalist began the quest for the
                  | Orb.
     0 | D:1      | Reached XP level 1. HP: 14/14 MP: 5/5
   464 | D:1      | Reached skill level 3 in Air Magic
  1108 | D:1      | Found Otryet's Magic Scroll Boutique.
  1112 | D:1      | Reached XP level 2. HP: 20/20 MP: 5/7
  1240 | D:1      | Bought a scroll of identify for 26 gold pieces
  2202 | D:2      | Noticed Jessica
  2207 | D:2      | Killed Jessica
  2208 | D:2      | Reached skill level 1 in Conjurations
  2208 | D:2      | Reached XP level 3. HP: 26/26 MP: 4/8
  3003 | D:2      | Reached skill level 1 in Armour
  4234 | D:3      | Reached XP level 4. HP: 20/33 MP: 1/9
  6155 | D:4      | Reached XP level 5. HP: 26/38 MP: 11/11
  6158 | D:4      | Mangled by an orc priest

Illustrated notes

Levels and vault maps discovered:
D:1:      dpeg_arrival_another_circle, layout_basic, serial_shops, shop
D:2:      layout_basic, ebering_ecumenical_altar_hall, serial_bayou_pond_c,
          uniq_jessica
D:3:      layout_loops_ring, mainiacjoe_overflow_tiny_flanked,
          amcnicky_altar_gilded, minmay_misc_feat_roman, grunt_ministairs_11,
          minmay_misc_feat_diagonals
D:4:      layout_cave_pods, uniq_ijyb

Skill      XL: |  1  2  3  4 |
---------------+-------------+-----
Air Magic      | 3 |  3.7
Conjurations   | 1 2 |  2.0
Spellcasting   | 2 |  2.5
Armour         | 1 |  1.5
Stealth        | 2 |  2.0
Dodging        | 2 |  2.0
Fighting       | |  0.3
Axes           | |  0.6
Maces & Flails | |  0.6

Action                   |  1- 3 |  4- 6 || total
-------------------------+-------+-------++-------
Melee: Mace              |    41 |       ||    41
       War axe           |    31 |    11 ||    42
 Cast: Shock             |    69 |    38 ||   107
  Use: Scroll            |     7 |       ||     7
Armor: Leather armour    |    30 |     7 ||    37
Dodge: Dodged            |    62 |    11 ||    73

Table legend: (Time is in decaauts)
 A = Elapsed time spent in this place.
 B = Non-inter-level travel time spent in this place.
 C = Inter-level travel time spent in this place.
 D = Time resting spent in this place.
 E = Time spent auto-exploring this place.
 F = Levels seen in this place.
 G = Mean time per level.
                   A        B        C        D        E       F      G
               +--------+--------+--------+--------+--------+-----+--------+
         Total |   6196 |   6196 |      0 |   3108 |      0 |   4 | 1549.0 |
       Dungeon |   6196 |   6196 |      0 |   3108 |      0 |   4 | 1549.0 |
               +--------+--------+--------+--------+--------+-----+--------+

Top non-repeatable levels by time:
     D:2: 2073 daAuts
     D:3: 1648 daAuts
     D:1: 1365 daAuts
     D:4: 1108 daAuts
